 Dungeon Crawl Stone Soup version 0.31-a0-369-g8eba5f6939 (webtiles) character file.

Game seed: 10520833523423613212

224 zazu2006 the Covert (level 6, 0/44 HPs)
             Began as a Gnoll Wanderer on July 28, 2023.
             Slain by a gnoll
             ... wielding a +0 club
              (4 damage)
             ... on level 3 of the Dungeon.
             The game lasted 00:03:53 (1510 turns).

zazu2006 the Covert (Gnoll Wanderer)                Turns: 1510, Time: 00:03:54

Health: 0/44       AC:  4    Str: 12    XL:     6   Next: 0%
Magic:  13/16      EV: 12    Int: 13    God:
Gold:   92         SH:  0    Dex: 11    Spells: 18/19 levels left

rFire   . . .        a - +2 dagger
rCold   . . .        (no shield)
rNeg    . . .        e - +0 robe
rPois   .            (no helmet)
rElec   .            i - scarf {+Inv}
rCorr   .            n - +1 pair of gloves
SInv    .            (no boots)
Will    .....        (no amulet)
Stlth   ++++         (no ring)
HPRegen 0.27/turn    (no ring)
MPRegen 0.15/turn

%: no passive effects
@: no status effects
A: fangs 1, strong nose, distributed training
a: Evoke Invisibility


You were on level 3 of the Dungeon.
You visited 1 branch of the dungeon, and saw 3 of its levels.

You collected 92 gold pieces.

Inventory:

Hand Weapons
 a - a +2 dagger (weapon)
Armour
 e - a +0 robe (worn)
 i - a scarf of invisibility (worn)
 n - a +1 pair of gloves (worn)
 o - a +0 buckler
Wands
 c - a wand of polymorph (7)
Scrolls
 d - a scroll of butterflies
 g - a scroll of enchant weapon {unknown}
 h - a scroll of blinking {unknown}
 j - a scroll of revelation {unknown}
 k - a scroll of amnesia {unknown}
Potions
 b - a potion of might
 f - a potion of curing {unknown}
 l - a potion of haste {unknown}
 m - a potion of enlightenment {unknown}


   Skills:
 + Level 1.7 Fighting
 + Level 1.7 Short Blades
 + Level 1.7 Long Blades
 + Level 1.7 Axes
 + Level 1.7 Maces & Flails
 + Level 1.7 Polearms
 + Level 1.7 Staves
 + Level 1.7 Ranged Weapons
 + Level 1.7 Throwing
 + Level 3.1 Armour
 + Level 3.1 Dodging
 + Level 8.0 Stealth
 + Level 1.7 Shields
 + Level 1.7 Unarmed Combat
 + Level 7.3 Spellcasting
 + Level 1.3 Conjurations
 + Level 1.3 Hexes
 + Level 1.3 Summonings
 + Level 1.3 Necromancy
 + Level 1.3 Translocations
 + Level 1.3 Transmutations
 + Level 1.3 Fire Magic
 + Level 1.3 Ice Magic
 + Level 1.3 Air Magic
 + Level 1.3 Earth Magic
 + Level 1.3 Poison Magic
 + Level 2.0 Invocations
 + Level 3.1 Evocations
 + Level 1.3 Shapeshifting


You had 18 spell levels left.
You knew the following spells:

 Your Spells              Type           Power      Damage    Failure   Level
a - Sandblast             Erth           16%        2d6       9%          1

Your spell library contained the following spells:

 Spells                   Type           Power      Damage    Failure   Level
 Lesser Beckoning         Tloc           16%        N/A       13%         2
 Gell's Gravitas          Tloc           8%         N/A       26%         3
 Stone Arrow              Conj/Erth      16%        3d8       26%         3
 Teleport Other           Tloc           8%         N/A       26%         3
 Dispersal                Tloc           4%         N/A       100%        6


Dungeon Overview and Level Annotations

Branches:
Dungeon (3/15)

Altars:


Innate Abilities, Weirdness & Mutations

You have very sharp teeth.
Your uncanny sense of smell can sniff out nearby items.
Your experience applies equally to all skills.


Message History

There is a stone staircase leading down here.
The gnoll hits you with a +0 club.
* * * LOW HITPOINT WARNING * * *
You climb downwards.
Found a yellow potion.
There is a stone staircase leading up here.
Casting: Sandblast (safe; 9% risk of failure)
Confirm with . or Enter, or press ? or * to list all spells.
Aiming: Sandblast (safe; 9% risk of failure)
Press: ? - help, Shift-Dir - straight line, f - gnoll
Aim: a gnoll, wielding a +0 club (83% to hit)
The blast of sand hits the gnoll but does no damage.
The gnoll hits you but does no damage. The gnoll hits you with a +0 club.
* * * LOW HITPOINT WARNING * * *
Unknown command.
Casting: Sandblast (safe; 9% risk of failure)
Confirm with . or Enter, or press ? or * to list all spells.
Aiming: Sandblast (safe; 9% risk of failure)
Press: ? - help, Shift-Dir - straight line, f/p - gnoll
Aim: a gnoll, wielding a +0 club (83% to hit)
The blast of sand hits the gnoll.
The gnoll is moderately wounded.
The gnoll hits you with a +0 club.
* * * LOW HITPOINT WARNING * * *
Unknown command.
Casting: Sandblast (safe; 9% risk of failure)
Confirm with . or Enter, or press ? or * to list all spells.
Aiming: Sandblast (safe; 9% risk of failure)
Press: ? - help, Shift-Dir - straight line, f/p - gnoll
Aim: a gnoll, wielding a +0 club (moderately wounded, 83% to hit)
Okay, then.
Okay, then.
Casting: Sandblast (safe; 9% risk of failure)
Confirm with . or Enter, or press ? or * to list all spells.
Aiming: Sandblast (safe; 9% risk of failure)
Press: ? - help, Shift-Dir - straight line, f/p - gnoll
Aim: a gnoll, wielding a +0 club (moderately wounded, 83% to hit)
The blast of sand misses the gnoll.
The gnoll misses you. The gnoll hits you with a +0 club.
You die...

#!# ###.###
#.....#
#.....#
#.....#
#.....#
###.g...###..
#....@.....#
#.###.####.#
#.# #.# #..
###


You could see a gnoll.

Vanquished Creatures
  Sigmund (D:2)
  A gnoll (D:2)
  An adder (D:2)
  A worm (D:2)
  A dart slug (D:2)
  5 endoplasms
  A giant cockroach (D:1)
  4 goblins (D:1)
  6 hobgoblins
  2 jackals (D:1)
  2 kobolds
  A ball python (D:1)
  4 bats
  A frilled lizard (D:2)
  5 rats
36 creatures vanquished.

Notes
Turn   | Place    | Note
-------+----------+-------------------------------------------
     0 | D:1      | zazu2006 the Gnoll Wanderer began the quest for the Orb.
     0 | D:1      | zazu2006 set off with the following items: a +2 dagger, a
                  | potion of might, a wand of polymorph (7), a scroll of
                  | butterflies, a +0 robe; and the following spell memorised:
                  | Sandblast; and the following spells available to memorise:
                  | Stone Arrow.
     0 | D:1      | Reached XP level 1. HP: 13/13 MP: 8/8
   136 | D:1      | Reached XP level 2. HP: 19/19 MP: 8/10
   634 | D:1      | Reached XP level 3. HP: 25/25 MP: 8/11
   913 | D:2      | Noticed Sigmund
   964 | D:2      | Killed Sigmund
   965 | D:2      | Reached skill level 1 in Fighting
   965 | D:2      | Reached skill level 1 in Short Blades
   965 | D:2      | Reached skill level 1 in Long Blades
   965 | D:2      | Reached skill level 1 in Axes
   965 | D:2      | Reached skill level 1 in Maces & Flails
   965 | D:2      | Reached skill level 1 in Polearms
   965 | D:2      | Reached skill level 1 in Staves
   965 | D:2      | Reached skill level 1 in Ranged Weapons
   965 | D:2      | Reached skill level 1 in Throwing
   965 | D:2      | Reached skill level 8 in Stealth
   965 | D:2      | Reached skill level 1 in Shields
   965 | D:2      | Reached skill level 1 in Unarmed Combat
   965 | D:2      | Reached skill level 1 in Conjurations
   965 | D:2      | Reached skill level 1 in Hexes
   965 | D:2      | Reached skill level 1 in Summonings
   965 | D:2      | Reached skill level 1 in Necromancy
   965 | D:2      | Reached skill level 1 in Translocations
   965 | D:2      | Reached skill level 1 in Transmutations
   965 | D:2      | Reached skill level 1 in Fire Magic
   965 | D:2      | Reached skill level 1 in Ice Magic
   965 | D:2      | Reached skill level 1 in Air Magic
   965 | D:2      | Reached skill level 1 in Earth Magic
   965 | D:2      | Reached skill level 1 in Poison Magic
   965 | D:2      | Reached skill level 1 in Invocations
   965 | D:2      | Reached skill level 1 in Shapeshifting
   965 | D:2      | Reached XP level 4. HP: 18/33 MP: 5/13
   965 | D:2      | Reached XP level 5. HP: 21/38 MP: 5/14
  1442 | D:2      | Reached XP level 6. HP: 43/44 MP: 12/16
  1510 | D:3      | Slain by a gnoll

Illustrated notes

Levels and vault maps discovered:
D:1:      eino_arrival_cavern_b, layout_rooms, nicolae_figureground_sparkle
D:2:      layout_basic, shapermc_ecumenical_altar_rom_forum, uniq_sigmund
D:3:      layout_loops_ring, doesnt_xom_only_xom, overflow_temple_1_default,
          nicolae_ru_sacrificial_ziggurat, serial_shops,
          nicolae_shop_tiny_glass, nicolae_shop_crystal,
          nicolae_shop_real_fake_doors, shop_fountains

Skill      XL: |  1  2  3  4  5 |
---------------+----------------+-----
Fighting       | 1 |  1.7
Short Blades   | 1 |  1.7
Long Blades    | 1 |  1.7
Axes           | 1 |  1.7
Maces & Flails | 1 |  1.7
Polearms       | 1 |  1.7
Staves         | 1 |  1.7
Ranged Weapons | 1 |  1.7
Throwing       | 1 |  1.7
Armour         | 3 |  3.1
Dodging        | 3 |  3.1
Stealth        | 8 |  8.0
Shields        | 1 |  1.7
Unarmed Combat | 1 |  1.7
Conjurations   | 1 |  1.3
Hexes          | 1 |  1.3
Summonings     | 1 |  1.3
Necromancy     | 1 |  1.3
Translocations | 1 |  1.3
Transmutations | 1 |  1.3
Fire Magic     | 1 |  1.3
Ice Magic      | 1 |  1.3
Air Magic      | 1 |  1.3
Earth Magic    | 1 |  1.3
Poison Magic   | 1 |  1.3
Invocations    | 1 2 |  2.0
Evocations     | 3 |  3.1
Shapeshifting  | 1 |  1.3
Spellcasting   | |  7.3

Action                     |  1- 3 |  4- 6 || total
---------------------------+-------+-------++-------
  Melee: Dagger            |     5 |       ||     5
   Cast: Sandblast         |    57 |    21 ||    78
    Use: Potion            |     2 |       ||     2
 Armour: Robe              |    12 |     3 ||    15
  Dodge: Dodged            |    20 |    11 ||    31

Table legend: (Time is in decaauts)
 A = Elapsed time spent in this place.
 B = Non-inter-level travel time spent in this place.
 C = Inter-level travel time spent in this place.
 D = Time resting spent in this place.
 E = Time spent auto-exploring this place.
 F = Levels seen in this place.
 G = Mean time per level.
                   A        B        C        D        E       F      G
               +--------+--------+--------+--------+--------+-----+--------+
         Total |   1550 |   1508 |     42 |     56 |   1117 |   3 |  516.7 |
       Dungeon |   1550 |   1508 |     42 |     56 |   1117 |   3 |  516.7 |
               +--------+--------+--------+--------+--------+-----+--------+

Top non-repeatable levels by time:
     D:1: 803 daAuts
     D:2: 743 daAuts
     D:3: 3 daAuts
